 Dungeon Crawl Stone Soup version 0.18-a0-1774-gce1f7b6 (webtiles) character file.

884 M4edhros the Covert (level 8, -2/48 HPs)
             Began as an Octopode Artificer on Apr 15, 2016.
             Slain by a white imp (3 damage)
             ... summoned by Eustachio
             ... on level 5 of the Dungeon.
             The game lasted 00:17:07 (3115 turns).

M4edhros the Covert (Octopode Artificer)            Turns: 3115, Time: 00:17:08

Health: -2/48      AC:  1    Str: 10      XL:     8   Next: 5%
Magic:  10/10      EV: 12    Int: 14      God:
Gold:   48         SH:  0    Dex: 16 (17) Spells: 0 memorised, 7 levels left

rFire  . . .     SeeInvis .     q - +3 dagger (drain)
rCold  . . .     Gourm    .     (no shield)
rNeg   . . .     Faith    .     (helmet restricted)
rPois  .         Spirit   .     (no amulet)
rElec  .         Dismiss  .     (no ring)
rCorr  .         Reflect  .     A - +2 ring of dexterity
SustAt .         Harm     .     (no ring)
MR     .....                    (no ring)
Stlth  ++++++....               (no ring)
                                (no ring)
                                (no ring)
                                (no ring)

@: slowed, very slow, not resistant to hostile enchantments, very stealthy
A: almost no armour, amphibious, 8 rings, constrict 8, camouflage 1, blink,
gelatinous body 1
a: Blink


You were on level 5 of the Dungeon.
You were not hungry.

You visited 1 branch of the dungeon, and saw 6 of its levels.

You collected 198 gold pieces.
You spent 150 gold pieces at shops.

Inventory:

Hand Weapons
 h - a +1 dagger of speed
 n - a +0 hunting sling
 q - a +3 dagger of draining (weapon)
Missiles
 e - 174 stones (quivered)
 o - 8 javelins
 v - 10 sling bullets
Jewellery
 A - a +2 ring of dexterity (right tentacle)
Wands
 b - a wand of flame (9/48)
 c - a wand of enslavement (13/24)
 d - a wand of random effects (10/48)
 y - a wand of random effects (17/48)
Scrolls
 g - 5 scrolls of teleportation
 i - a scroll of immolation {unknown}
 j - 3 scrolls of remove curse
 l - 3 scrolls of fog {unknown}
 p - 2 scrolls of enchant armour {unknown}
 s - 2 scrolls of enchant weapon
 t - a scroll of blinking {unknown}
 x - 3 scrolls of random uselessness
 C - a scroll of fear {unknown}
 D - a scroll of recharging {unknown}
Potions
 k - a potion of curing
 r - 3 potions of heal wounds
 B - a potion of invisibility {unknown}
 E - a potion of lignification {unknown}
Books
 m - a book of Clouds

   Spells                             Type                      Level
   a - Mephitic Cloud                 Conjuration/Poison/Air       3
   b - Conjure Flame                  Conjuration/Fire             3
   c - Poisonous Cloud                Conjuration/Poison/Air       6
   d - Freezing Cloud                 Conjuration/Ice/Air          6
   e - Ring of Flames                 Charms/Fire                  7
 w - a book of Battle

   Spells                             Type                      Level
   a - Infusion                       Charms                       1
   b - Shroud of Golubria             Charms/Translocation         2
   c - Song of Slaying                Charms                       2
   d - Spectral Weapon                Hexes/Charms                 3
   e - Regeneration                   Charms/Necromancy            3
Comestibles
 a - 2 meat rations
 f - 4 bread rations
 u - a beef jerky


   Skills:
 - Level 1.0 Fighting
 - Level 1.0 Short Blades
 * Level 6.2 Slings
 - Level 2.0 Dodging
 + Level 8.8 Stealth
 - Level 3.2 Evocations


You had 7 spell levels left.
You didn't know any spells.

Dungeon Overview and Level Annotations

Branches:
Dungeon (6/15)
 Temple: D:4-7

Altars:
Cheibriados
Dithmenos
Gozag
Okawaru
Pakellas
Ru
Vehumet
The Shining One

Shops:
D:5 ?

Annotations:
D:4 Dowan, Duvessa
D:5 Eustachio; Shenda's ghost, novice MiFi


Innate Abilities, Weirdness & Mutations

You cannot wear most types of armour.
You are amphibious.
You can wear up to eight rings at the same time.
You can use your tentacles to constrict eight enemies at once.
Your skin changes colour to match your surroundings (Stealth).
Your rubbery body absorbs attacks (AC +1).
You can translocate small distances at will.


Message History

Eustachio barely misses you.
The ufetubus hits you but does no damage.
The ufetubus hits you.
* * * LOW HITPOINT WARNING * * *
The quasit closely misses you. The quasit claws you.
* * * LOW HITPOINT WARNING * * *
You feel clumsy. The quasit barely misses you.
You hit Eustachio.
Eustachio is almost dead.
You constrict Eustachio. The ufetubus closely misses you.
The ufetubus hits you.
* * * LOW HITPOINT WARNING * * *
The quasit closely misses you. x2; The quasit misses you.
The white imp misses you.
Eustachio casts a spell.
Eustachio blinks free!
The ufetubus misses you. The ufetubus hits you.
* * * LOW HITPOINT WARNING * * *
The white imp hits you.
You die...

.#.#.#.#####..#
###............#
#####.#####.##
#.# #.# #.# #.#
#.# ###.###
##.###.....# #
#.ยง5##.....#.#
#.5@....@....#
#?.5##.....###
######.....#
###......
#.###### #.# #.#
#.# ...


You could see Eustachio, a quasit, a white imp and an ufetubus.

Vanquished Creatures
  Sigmund (D:4)
  3 ogres
  A scorpion (D:4)
  2 crimson imps
  An orc priest (D:5)
  An orc wizard (D:3)
  A hound (D:6)
  Jessica (D:3)
  3 worker ants
  3 gnolls (D:6)
  2 adders
  A shadow imp (D:6)
  An ooze (D:4)
  2 adder skeletons (D:4)
  A worm (D:3)
  2 giant geckos
  14 orcs (D:3)
  12 bats
  7 giant cockroaches
  8 goblins
  5 hobgoblins
  4 jackals (D:1)
  3 kobolds
  2 quokkas
  A ball python (D:4)
  2 giant newts
  7 rats
91 creatures vanquished.

Vanquished Creatures (collateral kills)
  A crimson imp (D:5)
1 creature vanquished.

Vanquished Creatures (others)
  A manticore (D:4)
1 creature vanquished.

Grand Total: 93 creatures vanquished

Notes
Turn   | Place    | Note
--------------------------------------------------------------
     0 | D:1      | M4edhros the Octopode Artificer began the quest for the Orb.
     0 | D:1      | Reached XP level 1. HP: 13/13 MP: 3/3
    31 | D:1      | Reached skill level 2 in Stealth
    51 | D:1      | Reached XP level 2. HP: 12/18 MP: 4/4
    65 | D:1      | Reached skill level 3 in Stealth
   247 | D:1      | Reached skill level 4 in Stealth
   260 | D:1      | Reached XP level 3. HP: 17/23 MP: 5/5
   634 | D:2      | Found an iron altar of Okawaru.
   643 | D:2      | Found a faded altar to an unknown god.
   828 | D:3      | Gained mutation: You can translocate small distances at will. [potion of beneficial mutation]
   833 | D:3      | Reached skill level 5 in Stealth
   850 | D:3      | Reached XP level 4. HP: 12/28 MP: 6/6
  1045 | D:3      | Noticed Jessica
  1065 | D:3      | Killed Jessica
  1065 | D:3      | Reached skill level 1 in Slings
  1065 | D:3      | Reached skill level 6 in Stealth
  1071 | D:3      | Reached XP level 5. HP: 16/33 MP: 7/7
  1389 | D:4      | Noticed Sigmund
  1396 | D:4      | Killed Sigmund
  1396 | D:4      | Reached skill level 7 in Stealth
  1396 | D:4      | Reached XP level 6. HP: 38/38 MP: 8/8
  1433 | D:4      | Found a snail-covered altar of Cheibriados.
  1433 | D:4      | Noticed Duvessa
  1433 | D:4      | Noticed Dowan
  1500 | D:4      | Found an oddly glowing altar of Pakellas.
  1501 | D:4      | Noticed a manticore
  1511 | D:4      | Killed a manticore
  1894 | D:5      | Entered Level 5 of the Dungeon
  1900 | D:5      | Reached XP level 7. HP: 34/43 MP: 9/9
  1909 | D:5      | Found an opulent altar of Gozag.
  1973 | D:5      | Found Joihonul's Magic Scroll Shoppe.
  1986 | D:5      | Bought a scroll of enchant weapon for 90 gold pieces
  1986 | D:5      | Bought a scroll of teleportation for 36 gold pieces
  1986 | D:5      | Bought a scroll of identify for 24 gold pieces
  2014 | D:5      | Noticed Shenda's ghost (novice MiFi)
  2049 | D:5      | Found a radiant altar of Vehumet.
  2143 | D:5      | Reached skill level 8 in Stealth
  2167 | D:5      | Noticed Eustachio
  2169 | D:5      | Reached skill level 5 in Slings
  2194 | D:5      | Found a shadowy altar of Dithmenos.
  2830 | D:6      | Reached XP level 8. HP: 48/48 MP: 10/10
  2947 | D:6      | Found a glowing golden altar of the Shining One.
  2949 | D:6      | Found a sacrificial altar of Ru.
  3115 | D:5      | HP: 1/48 [ufetubus[Eustachio] (4)]
  3115 | D:5      | Slain by a white imp

Vault maps used:
D:1:      sevenhm_arrival_forest_fort_small_4
D:2:      tgw_trog, ecumenical_altar_1, minmay_item_behind_shaft,
          okawaru_trees_2
D:3:      serial_bayou, serial_bayou_pond_b, serial_bayou_pond_a,
          serial_bayou_lagoon_b, serial_bayou_shore_b, serial_bayou_lake_a,
          serial_bayou_ford_a, minmay_misc_feat_roman, nicolae_ru_path_of_blood,
          uniq_jessica
D:4:      cheibriados_altar_1, gammafunk_pakellas_spire_experiment,
          uniq_sigmund, uniq_duvessa
D:5:      nicolae_gozag_cash_rules_everything_around_me,
          nicolae_overflow_crystal_walls, lemuel_crystal_altar, serial_shops,
          shop_scrolls, first_bread, nicolae_dithmenos_through_a_glass_darkly,
          uniq_eustachio
D:6:      minitemple, minmay_lizard_king

Skill      XL: |  1  2  3  4  5  6  7 |
---------------+----------------------+-----
Stealth        | 2 4 5 6 7 8 |  8.8
Slings         | 1 3 4 6 |  6.2
Fighting       | |  1.0
Short Blades   | |  1.0
Dodging        | |  2.0
Evocations     | |  3.2

Action                   |  1- 3 |  4- 6 |  7- 9 || total
-------------------------+-------+-------+-------++-------
Melee: Short sword       |    27 |       |       ||    27
       Constrict         |    20 |    19 |     8 ||    47
       Tentacles         |     5 |    14 |     8 ||    27
       Dagger            |    58 |    71 |    41 ||   170
Evoke: Wand              |     2 |     1 |    10 ||    13
  Use: Potion            |     1 |       |     1 ||     2
       Scroll            |       |       |     5 ||     5
 Stab: Sleeping          |    10 |    11 |     5 ||    26
  Eat: Chunk             |       |     2 |     5 ||     7
Armor: Skin              |    11 |     3 |     7 ||    21
Dodge: Dodged            |    41 |    24 |    48 ||   113
